[Event "SixDays One Year IM-B 2023"]
[Site "Budapest"]
[Date "2023.09.18"]
[Round "1.1"]
[White "Szabo, Abel"]
[Black "Meessen, Rudolf"]
[Result "1-0"]
[ECO "B75"]
[WhiteElo "2234"]
[BlackElo "2109"]
[Annotator "ChessBase"]
[PlyCount "79"]
[EventDate "2023.09.18"]
[EventType "tourn"]
[EventCountry "HUN"]
[SourceTitle "playchess.com"]
[Source "ChessBase"]
[SourceQuality "1"]
[TimeControl "5400+30"]

1. e4 c5 2. Nf3 d6 3. d4 cxd4 4. Nxd4 Nf6 5. Nc3 g6 6. Be3 Bg7 7. f3 h5 8. Qd2 a6 9. Bc4 b5 10. Bb3 Nbd7 11. a4 b4 12. Nd5 Bb7 13. Nxb4 Nc5 14. Nd3 e5 15. Nxc5 dxc5 16. Ne2 Qc7 17. Qc3 Rc8 18. Bc4 O-O 19. O-O Rfd8 20. Rfd1 Rd4 21. Qb3 Rb8 22. Bxd4 exd4 23. Qa2 h4 24. c3 Bh6 25. cxd4 Be3+ 26. Kh1 cxd4 27. Rd3 h3 28. Nxd4 Qf4 29. Bxf7+ Kh8 30. Ne6 Qh6 31. Qa3 Ng4 32. fxg4 hxg2+ 33. Kxg2 Bxe4+ 34. Kg3 g5 35. Qc3+ Kh7 36. Bh5 Bf2+ 37. Kxf2 Rb7 38. Rd8 Rf7+ 39. Kg1 Rg7 40. Qxg7+ 1-0

[Event "SixDays One Year IM-B 2023"]
[Site "Budapest"]
[Date "2023.09.18"]
[Round "1.2"]
[White "Balint, Vilmos"]
[Black "Kozusek, Daniel"]
[Result "0-1"]
[ECO "A00"]
[WhiteElo "2217"]
[BlackElo "2365"]
[Annotator "ChessBase"]
[PlyCount "60"]
[EventDate "2023.09.18"]
[EventType "tourn"]
[EventCountry "HUN"]
[SourceTitle "playchess.com"]
[Source "ChessBase"]
[SourceQuality "1"]
[TimeControl "5400+30"]

1. g3 d5 2. Bg2 e5 3. c4 d4 4. b4 Nf6 5. Nf3 Nbd7 6. Qa4 c6 7. O-O a5 8. Ba3 b5 9. cxb5 cxb5 10. Qxb5 axb4 11. Ng5 e4 12. Bb2 Ra5 13. Nxf7 Rxb5 14. Nxd8 Kxd8 15. Bxd4 Bc5 16. Bb2 Ba6 17. a3 Ra5 18. d3 exd3 19. exd3 Re8 20. Nd2 Bxd3 21. Rfd1 Bc2 22. Nc4 Bxd1 23. Nxa5 Bh5 24. axb4 Bxf2+ 25. Kf1 Bb6 26. Nc6+ Kc7 27. Rc1 Be2+ 28. Ke1 Bc4+ 29. Kd1 Bb3+ 30. Kd2 Be3+ 0-1

[Event "SixDays One Year IM-B 2023"]
[Site "Budapest"]
[Date "2023.09.18"]
[Round "1.3"]
[White "Pap, Gyula"]
[Black "Besou, Hussain"]
[Result "1-0"]
[ECO "B13"]
[WhiteElo "2429"]
[BlackElo "2364"]
[Annotator "ChessBase"]
[PlyCount "123"]
[EventDate "2023.09.18"]
[EventType "tourn"]
[EventCountry "HUN"]
[SourceTitle "playchess.com"]
[Source "ChessBase"]
[SourceQuality "1"]
[TimeControl "5400+30"]

1. e4 c6 2. d4 d5 3. exd5 cxd5 4. Bd3 Nc6 5. c3 Nf6 6. h3 g6 7. Nf3 Bg7 8. O-O O-O 9. Bf4 Ne4 10. Nbd2 Bf5 11. Be2 Rc8 12. Re1 Na5 13. Nxe4 Bxe4 14. Nd2 Bf5 15. Qa4 Bd7 16. Qb4 e6 17. Nb3 Nc4 18. Qxb7 Bc6 19. Qxa7 Nxb2 20. Qa6 Nc4 21. Nc5 e5 22. Bxc4 exf4 23. Be2 Qf6 24. a4 Ra8 25. Qd3 Ra5 26. Reb1 Qe7 27. Bf3 Rfa8 28. Qc2 Qc7 29. Qb3 Bf8 30. Qb6 Qxb6 31. Rxb6 Rc8 32. Ra6 Rxa6 33. Nxa6 Bb7 34. Nc5 Bxc5 35. dxc5 Rxc5 36. Be2 Rxc3 37. a5 Rc7 38. Rb1 Kg7 39. Rb6 Ba8 40. Bf3 Rc6 41. Rb5 Ra6 42. Bxd5 Bxd5 43. Rxd5 Kf6 44. Rb5 Ke6 45. Kf1 Kd6 46. Rb7 Ke6 47. Rb6+ Rxb6 48. axb6 Kd6 49. Ke2 Kc6 50. Kf3 Kxb6 51. Kxf4 f6 52. g4 Kc5 53. g5 Kd6 54. gxf6 Ke6 55. Kg5 Kf7 56. h4 Ke6 57. f3 Kf7 58. Kh6 Kg8 59. f7+ Kf8 60. Kxh7 Kxf7 61. f4 Kf6 62. Kg8 1-0

[Event "SixDays One Year IM-B 2023"]
[Site "Budapest"]
[Date "2023.09.18"]
[Round "1.4"]
[White "To, Nhat Minh"]
[Black "Szeberenyi, Adam"]
[Result "1/2-1/2"]
[ECO "A05"]
[WhiteElo "2342"]
[BlackElo "2305"]
[Annotator "ChessBase"]
[PlyCount "23"]
[EventDate "2023.09.18"]
[EventType "tourn"]
[EventCountry "HUN"]
[SourceTitle "playchess.com"]
[Source "ChessBase"]
[SourceQuality "1"]
[TimeControl "5400+30"]

1. Nf3 Nf6 2. b3 g6 3. Bb2 Bg7 4. e3 d6 5. d4 O-O 6. Be2 a5 7. a3 Bf5 8. O-O Ne4 9. Nbd2 Nxd2 10. Qxd2 Nc6 11. Bd3 Bxd3 12. Qxd3 1/2-1/2

[Event "SixDays One Year IM-B 2023"]
[Site "Budapest"]
[Date "2023.09.18"]
[Round "1.5"]
[White "Pagan, Jonathan"]
[Black "Valkova, Angelika"]
[Result "1-0"]
[ECO "E04"]
[WhiteElo "2021"]
[BlackElo "2057"]
[Annotator "NA"]
[PlyCount "71"]
[EventDate "2023.09.18"]
[EventType "tourn"]
[EventCountry "HUN"]
[SourceTitle "playchess.com"]
[Source "ChessBase"]
[SourceQuality "1"]
[TimeControl "5400+30"]

1. d4 Nf6 2. c4 e6 3. Nf3 d5 4. g3 dxc4 5. Bg2 Nbd7 6. O-O Rb8 7. Qc2 b5 8. b3 cxb3 9. axb3 a6 10. Rd1 Bb7 11. Ne5 Bxg2 12. Kxg2 Rb6 13. Kg1 Nxe5 14. dxe5 Nd7 15. Be3 c5 16. Nc3 Qc7 17. f4 Be7 18. Qd2 Nb8 19. Ne4 Rc6 20. Nd6+ Bxd6 21. exd6 Qc8 22. b4 c4 23. Qd4 f6 24. f5 exf5 25. Qd5 Qd7 26. Bf4 g5 27. Be5 Rf8 28. Bc3 Rf7 29. Rd4 f4 30. Re4+ Kf8 31. Rd1 fxg3 32. hxg3 Qh3 33. Re3 f5 34. Qe5 Rd7 35. Qh8+ Kf7 36. Qg7# 1-0

[Event "SixDays One Year IM-B 2023"]
[Site "Budapest"]
[Date "2023.09.19"]
[Round "2.1"]
[White "Meessen, Rudolf"]
[Black "Valkova, Angelika"]
[Result "0-1"]
[ECO "D00"]
[WhiteElo "2109"]
[BlackElo "2057"]
[Annotator "ChessBase"]
[PlyCount "88"]
[EventDate "2023.09.18"]
[EventType "tourn"]
[EventCountry "HUN"]
[SourceTitle "playchess.com"]
[Source "ChessBase"]
[SourceQuality "1"]
[TimeControl "5400+30"]

1. d4 d5 2. Nc3 Nf6 3. Bf4 a6 4. e3 c5 5. dxc5 Qa5 6. Nf3 e6 7. a3 Qxc5 8. Be2 Be7 9. O-O O-O 10. Qd3 b5 11. e4 Bb7 12. e5 Ne4 13. Nd1 Nd7 14. h4 f6 15. g3 fxe5 16. Nxe5 Nxe5 17. Bxe5 Bf6 18. Bxf6 Rxf6 19. Ne3 Raf8 20. Ng4 Rxf2 21. Rxf2 Rxf2 22. b4 Qb6 23. Ne3 d4 24. Ng4 Rg2+ 25. Kxg2 Nc5+ 26. Qf3 Nd7 27. Kh3 Bxf3 28. Bxf3 Qc7 29. Rd1 h5 30. Nf2 Qxc2 31. Kg2 e5 32. Be4 Qb2 33. Rd3 Nf6 34. Kf3 Nxe4 35. Nxe4 Qc2 36. Nc5 Kf7 37. Ke4 Qe2+ 38. Kd5 Ke7 39. Kc6 Qg2+ 40. Kc7 Qd5 41. Nb3 Qc4+ 42. Nc5 e4 43. Rd1 e3 44. Kb6 e2 0-1

[Event "SixDays One Year IM-B 2023"]
[Site "Budapest"]
[Date "2023.09.19"]
[Round "2.2"]
[White "Szeberenyi, Adam"]
[Black "Pagan, Jonathan"]
[Result "1/2-1/2"]
[ECO "A06"]
[WhiteElo "2305"]
[BlackElo "2021"]
[Annotator "ChessBase"]
[PlyCount "71"]
[EventDate "2023.09.18"]
[EventType "tourn"]
[EventCountry "HUN"]
[SourceTitle "playchess.com"]
[Source "ChessBase"]
[SourceQuality "1"]
[TimeControl "5400+30"]

1. Nf3 d5 2. g3 c6 3. Bg2 Bg4 4. O-O e6 5. c4 Bxf3 6. Bxf3 Nf6 7. cxd5 cxd5 8. d4 Be7 9. Nc3 O-O 10. e4 dxe4 11. Nxe4 Nc6 12. Nxf6+ Bxf6 13. d5 exd5 14. Bxd5 Qd7 15. Be4 Rad8 16. Qh5 g6 17. Qf3 Bg7 18. Bg5 Rc8 19. Rad1 Qh3 20. Rd2 Ne5 21. Qg2 Qxg2+ 22. Kxg2 h6 23. Bf4 b6 24. Re2 Nc6 25. Rc1 Nd4 26. Rxc8 Nxe2 27. Rxf8+ Kxf8 28. Bd6+ Kg8 29. Kf1 Nd4 30. Bb8 a6 31. Bc7 b5 32. b4 f5 33. Bb7 Bf8 34. Bb6 Nc2 35. Bxa6 Na3 36. Bc5 1/2-1/2

[Event "SixDays One Year IM-B 2023"]
[Site "Budapest"]
[Date "2023.09.19"]
[Round "2.3"]
[White "Besou, Hussain"]
[Black "To, Nhat Minh"]
[Result "0-1"]
[ECO "E49"]
[WhiteElo "2364"]
[BlackElo "2342"]
[Annotator "ChessBase"]
[PlyCount "96"]
[EventDate "2023.09.18"]
[EventType "tourn"]
[EventCountry "HUN"]
[SourceTitle "playchess.com"]
[Source "ChessBase"]
[SourceQuality "1"]
[TimeControl "5400+30"]

1. d4 Nf6 2. c4 e6 3. Nc3 Bb4 4. e3 O-O 5. Bd3 d5 6. a3 Bxc3+ 7. bxc3 dxc4 8. Bxc4 c5 9. Ne2 Qc7 10. Bd3 Nc6 11. f4 b6 12. O-O Rd8 13. Bb2 Bb7 14. e4 Na5 15. Ng3 Qc6 16. Qe2 cxd4 17. cxd4 Nb3 18. Bb5 Qc7 19. Rad1 Rac8 20. Rf3 a6 21. Ba4 Na5 22. Bc3 Qc4 23. Qxc4 Rxc4 24. Bc2 Rdc8 25. Bxa5 Rxc2 26. Bxb6 Nxe4 27. Nxe4 Bxe4 28. Rg3 Rb8 29. Rb1 Rc6 30. Re1 Rbxb6 31. Rxe4 Rc2 32. h3 g6 33. Kh2 Rd2 34. h4 h5 35. Rc3 Rbb2 36. Rg3 Kg7 37. Rg5 Kf6 38. Rg3 Ra2 39. Kh3 Ra1 40. Rge3 Rf1 41. Rf3 Rg1 42. Rc3 Rgxg2 43. Rc7 Rh2+ 44. Kg3 Rdg2+ 45. Kf3 Ra2 46. Kg3 Rhc2 47. Rxc2 Rxc2 48. Re3 Rd2 0-1

[Event "SixDays One Year IM-B 2023"]
[Site "Budapest"]
[Date "2023.09.19"]
[Round "2.4"]
[White "Kozusek, Daniel"]
[Black "Pap, Gyula"]
[Result "0-1"]
[ECO "D37"]
[WhiteElo "2365"]
[BlackElo "2429"]
[Annotator "ChessBase"]
[PlyCount "64"]
[EventDate "2023.09.18"]
[EventType "tourn"]
[EventCountry "HUN"]
[SourceTitle "playchess.com"]
[Source "ChessBase"]
[SourceQuality "1"]
[TimeControl "5400+30"]

1. d4 d5 2. c4 e6 3. Nf3 Nf6 4. Nc3 a6 5. c5 Nc6 6. Bf4 g6 7. e3 Bg7 8. Be2 O-O 9. h3 Ne4 10. Nxe4 dxe4 11. Ne5 Nxe5 12. Bxe5 Bxe5 13. dxe5 Qg5 14. Qd4 Qxg2 15. O-O-O Qxf2 16. Bc4 Qh4 17. Bb3 a5 18. Bc2 a4 19. Bxe4 Ra5 20. Kb1 b6 21. cxb6 cxb6 22. Rhg1 Qh5 23. Qxb6 Qxe5 24. Bc6 Ra6 25. Qb5 Qxe3 26. Rge1 Qxh3 27. Be4 a3 28. Qe5 Qh6 29. Rf1 axb2 30. Rf6 Qe3 31. Rf3 Qe2 32. Qd4 e5 0-1

[Event "SixDays One Year IM-B 2023"]
[Site "Budapest"]
[Date "2023.09.19"]
[Round "3.1"]
[White "Balint, Vilmos"]
[Black "Meessen, Rudolf"]
[Result "0-1"]
[ECO "A45"]
[WhiteElo "2217"]
[BlackElo "2109"]
[Annotator "ChessBase"]
[PlyCount "60"]
[EventDate "2023.09.18"]
[EventType "tourn"]
[EventCountry "HUN"]
[SourceTitle "playchess.com"]
[Source "ChessBase"]
[SourceQuality "1"]
[TimeControl "5400+30"]

1. d4 Nf6 2. Nc3 d5 3. Bf4 e6 4. e3 Bb4 5. Bd3 c5 6. dxc5 O-O 7. Bd6 Re8 8. Nge2 b6 9. Bxb8 Rxb8 10. cxb6 Qxb6 11. O-O e5 12. Bb5 Rd8 13. Ba4 d4 14. exd4 exd4 15. Nb1 Ba6 16. a3 Bd6 17. Bb3 d3 18. Nc1 dxc2 19. Qxc2 Bxh2+ 20. Kxh2 Bxf1 21. Kg1 Ba6 22. Nc3 Qd4 23. N1a2 Qh4 24. Nb4 Bb7 25. f3 Qd4+ 26. Kf1 a5 27. Ne2 Qe3 28. Na2 Ba6 29. Bc4 Rbc8 30. b3 Bxc4 0-1

[Event "SixDays One Year IM-B 2023"]
[Site "Budapest"]
[Date "2023.09.19"]
[Round "3.2"]
[White "Pap, Gyula"]
[Black "Szabo, Abel"]
[Result "1-0"]
[ECO "B30"]
[WhiteElo "2429"]
[BlackElo "2234"]
[Annotator "ChessBase"]
[PlyCount "87"]
[EventDate "2023.09.18"]
[EventType "tourn"]
[EventCountry "HUN"]
[SourceTitle "playchess.com"]
[Source "ChessBase"]
[SourceQuality "1"]
[TimeControl "5400+30"]

1. e4 c5 2. Nf3 Nc6 3. Nc3 e5 4. Bc4 d6 5. d3 Be7 6. a3 Nf6 7. Ng5 O-O 8. h4 Nd4 9. Nd5 Nxd5 10. Bxd5 Be6 11. Bxe6 Nxe6 12. Qh5 h6 13. Nxe6 fxe6 14. Rh3 Qe8 15. Qg4 Kh7 16. Rg3 Qf7 17. Be3 b5 18. h5 Rac8 19. Rf3 Bf6 20. b4 c4 21. d4 exd4 22. Bxd4 Qe7 23. Qg6+ Kg8 24. Bxf6 Rxf6 25. Rxf6 Qxf6 26. Qxf6 gxf6 27. a4 Rb8 28. Kd2 bxa4 29. Rxa4 d5 30. exd5 exd5 31. Kc3 Kf7 32. Kd4 Ke6 33. g4 Rb6 34. c3 a6 35. Ra5 f5 36. f3 Rd6 37. Rc5 fxg4 38. fxg4 Kf6 39. Rc8 Kg5 40. Rg8+ Kf4 41. Rg6 Rd8 42. Rxh6 Kxg4 43. Rxa6 Kxh5 44. Ra5 1-0

[Event "SixDays One Year IM-B 2023"]
[Site "Budapest"]
[Date "2023.09.19"]
[Round "3.3"]
[White "To, Nhat Minh"]
[Black "Kozusek, Daniel"]
[Result "1/2-1/2"]
[ECO "B10"]
[WhiteElo "2342"]
[BlackElo "2365"]
[Annotator "ChessBase"]
[PlyCount "80"]
[EventDate "2023.09.18"]
[EventType "tourn"]
[EventCountry "HUN"]
[SourceTitle "playchess.com"]
[Source "ChessBase"]
[SourceQuality "1"]
[TimeControl "5400+30"]

1. e4 c6 2. Nf3 d5 3. d3 dxe4 4. dxe4 Qxd1+ 5. Kxd1 g6 6. a4 Bh6 7. Bxh6 Nxh6 8. h3 f6 9. a5 e5 10. Bc4 Ke7 11. Nbd2 Rd8 12. c3 Nf7 13. Kc2 Nd6 14. Be2 Nd7 15. Ne1 Nc5 16. f3 Be6 17. Nd3 Nxd3 18. Bxd3 Rd7 19. Rhd1 Rad8 20. Nf1 f5 21. exf5 gxf5 22. Rd2 Nc4 23. Bxc4 Bxc4 24. Re1 Rxd2+ 25. Nxd2 Bd3+ 26. Kc1 Kf6 27. g4 b6 28. h4 h6 29. g5+ hxg5 30. hxg5+ Kxg5 31. Rxe5 Rh8 32. b4 Rh1+ 33. Kb2 Rh2 34. Kc1 Kf4 35. Re7 bxa5 36. bxa5 Rh1+ 37. Kb2 Rh2 38. Kc1 a6 39. Re6 Rh1+ 40. Kb2 Rh2 1/2-1/2

[Event "SixDays One Year IM-B 2023"]
[Site "Budapest"]
[Date "2023.09.19"]
[Round "3.4"]
[White "Pagan, Jonathan"]
[Black "Besou, Hussain"]
[Result "0-1"]
[ECO "E10"]
[WhiteElo "2021"]
[BlackElo "2364"]
[Annotator "ChessBase"]
[PlyCount "64"]
[EventDate "2023.09.18"]
[EventType "tourn"]
[EventCountry "HUN"]
[SourceTitle "playchess.com"]
[Source "ChessBase"]
[SourceQuality "1"]
[TimeControl "5400+30"]

1. d4 Nf6 2. c4 e6 3. Nf3 d5 4. g3 Bb4+ 5. Nc3 O-O 6. Bg2 dxc4 7. O-O Bxc3 8. bxc3 Nbd7 9. Qc2 Re8 10. e4 h6 11. e5 Nd5 12. Re1 b5 13. Bd2 Bb7 14. Qc1 Qe7 15. Nh4 Qf8 16. f4 f5 17. Qb1 b4 18. Qb2 a5 19. Rac1 N7b6 20. Qb1 Rab8 21. Bxd5 Bxd5 22. cxb4 axb4 23. Qxb4 Qxb4 24. Bxb4 Na4 25. a3 Nb2 26. Ra1 Nd3 27. Reb1 Rb5 28. Bd2 Reb8 29. Rxb5 Rxb5 30. a4 Rb2 31. Bc3 Rc2 32. Ba5 g5 0-1

[Event "SixDays One Year IM-B 2023"]
[Site "Budapest"]
[Date "2023.09.19"]
[Round "3.5"]
[White "Valkova, Angelika"]
[Black "Szeberenyi, Adam"]
[Result "1/2-1/2"]
[ECO "D92"]
[WhiteElo "2057"]
[BlackElo "2305"]
[Annotator "ChessBase"]
[PlyCount "28"]
[EventDate "2023.09.18"]
[EventType "tourn"]
[EventCountry "HUN"]
[SourceTitle "playchess.com"]
[Source "ChessBase"]
[SourceQuality "1"]
[TimeControl "5400+30"]

1. d4 Nf6 2. c4 g6 3. Nc3 d5 4. Bf4 Bg7 5. Nf3 O-O 6. Rc1 dxc4 7. e4 c5 8. dxc5 Qa5 9. Nd2 Be6 10. Bxc4 Bxc4 11. Nxc4 Qxc5 12. Qe2 Nc6 13. Be3 Qh5 14. Qxh5 Nxh5 1/2-1/2

[Event "SixDays One Year IM-B 2023"]
[Site "Budapest"]
[Date "2023.09.20"]
[Round "4.2"]
[White "Besou, Hussain"]
[Black "Valkova, Angelika"]
[Result "1/2-1/2"]
[ECO "C70"]
[WhiteElo "2364"]
[BlackElo "2057"]
[Annotator "ChessBase"]
[PlyCount "77"]
[EventDate "2023.09.18"]
[EventType "tourn"]
[EventCountry "HUN"]
[SourceTitle "playchess.com"]
[Source "ChessBase"]
[SourceQuality "1"]
[TimeControl "5400+30"]

1. e4 e5 2. Nf3 Nc6 3. Bb5 a6 4. Ba4 Nge7 5. c3 Ng6 6. d4 exd4 7. cxd4 Bb4+ 8. Nc3 d5 9. exd5 Bxc3+ 10. bxc3 Qxd5 11. O-O O-O 12. h3 Na5 13. Bb3 Nxb3 14. axb3 b5 15. Be3 Be6 16. Rb1 Bf5 17. Rc1 Be4 18. Ne1 Qe6 19. c4 c6 20. Nd3 Qf5 21. Nc5 Nh4 22. f3 Qg6 23. g4 Bxf3 24. Rxf3 Nxf3+ 25. Qxf3 Rfe8 26. Bf2 h5 27. Kg2 hxg4 28. hxg4 a5 29. Nd7 f6 30. cxb5 cxb5 31. Qd5+ Qf7 32. Qxf7+ Kxf7 33. Nb6 Rab8 34. d5 Re2 35. Rc7+ Kg6 36. Nc8 a4 37. bxa4 bxa4 38. Kf3 Rd2 39. Be3 1/2-1/2

[Event "SixDays One Year IM-B 2023"]
[Site "Budapest"]
[Date "2023.09.20"]
[Round "4.3"]
[White "Kozusek, Daniel"]
[Black "Pagan, Jonathan"]
[Result "1-0"]
[ECO "D37"]
[WhiteElo "2365"]
[BlackElo "2021"]
[Annotator "ChessBase"]
[PlyCount "49"]
[EventDate "2023.09.18"]
[EventType "tourn"]
[EventCountry "HUN"]
[SourceTitle "playchess.com"]
[Source "ChessBase"]
[SourceQuality "1"]
[TimeControl "5400+30"]

1. d4 Nf6 2. c4 e6 3. Nf3 d5 4. Nc3 Nbd7 5. Bf4 dxc4 6. e3 Nd5 7. Bxc4 Nxf4 8. exf4 Be7 9. O-O O-O 10. Re1 c6 11. Qe2 Nb6 12. Bb3 Nd5 13. g3 Nxc3 14. bxc3 Bf6 15. Rad1 Qc7 16. Nd2 g6 17. Ne4 Bg7 18. h4 h5 19. Ng5 Bd7 20. f5 exf5 21. Qe7 Qd8 22. Nxf7 Qxe7 23. Rxe7 Be8 24. Nd6+ Kh8 25. Rde1 1-0

[Event "SixDays One Year IM-B 2023"]
[Site "Budapest"]
[Date "2023.09.20"]
[Round "4.4"]
[White "Szabo, Abel"]
[Black "To, Nhat Minh"]
[Result "1/2-1/2"]
[ECO "B97"]
[WhiteElo "2234"]
[BlackElo "2342"]
[Annotator "ChessBase"]
[PlyCount "45"]
[EventDate "2023.09.18"]
[EventType "tourn"]
[EventCountry "HUN"]
[SourceTitle "playchess.com"]
[Source "ChessBase"]
[SourceQuality "1"]
[TimeControl "5400+30"]

1. e4 c5 2. Nf3 d6 3. d4 cxd4 4. Nxd4 Nf6 5. Nc3 a6 6. Bg5 e6 7. f4 Qb6 8. Qd2 Qxb2 9. Rb1 Qa3 10. f5 Nc6 11. fxe6 fxe6 12. Nxc6 bxc6 13. Be2 Be7 14. e5 dxe5 15. Bxf6 Bxf6 16. Bh5+ g6 17. Ne4 O-O 18. O-O Bg7 19. Rxf8+ Qxf8 20. Bf3 a5 21. Qc3 Bd7 22. Rb7 Bc8 23. Rb1 1/2-1/2

[Event "SixDays One Year IM-B 2023"]
[Site "Budapest"]
[Date "2023.09.20"]
[Round "4.5"]
[White "Balint, Vilmos"]
[Black "Pap, Gyula"]
[Result "0-1"]
[ECO "D00"]
[WhiteElo "2217"]
[BlackElo "2429"]
[Annotator "ChessBase"]
[PlyCount "96"]
[EventDate "2023.09.18"]
[EventType "tourn"]
[EventCountry "HUN"]
[SourceTitle "playchess.com"]
[Source "ChessBase"]
[SourceQuality "1"]
[TimeControl "5400+30"]

1. d4 d5 2. Bf4 Nf6 3. e3 c5 4. c3 e6 5. Nd2 Qb6 6. Qb3 Be7 7. Ngf3 Bd7 8. Be2 Bc6 9. Ne5 Nbd7 10. Nxc6 bxc6 11. O-O O-O 12. h3 Ne8 13. e4 Nd6 14. exd5 cxd5 15. dxc5 Qxc5 16. Qa4 Qc8 17. Rfd1 Nb6 18. Qc2 Qe8 19. b3 Rc8 20. Qd3 Qc6 21. Rac1 Rfd8 22. Qa6 Nf5 23. Bd3 Bd6 24. Bg5 Be7 25. Bxe7 Nxe7 26. Qxa7 Qd6 27. c4 Ra8 28. c5 Rxa7 29. cxd6 Rxd6 30. a4 e5 31. f3 f5 32. Bb5 Kf7 33. Rc5 Ke6 34. a5 Nd7 35. Bxd7+ Rdxd7 36. b4 Rdb7 37. Rb1 Kd6 38. f4 e4 39. Rc3 Nc6 40. b5 Nd4 41. b6 Rxa5 42. Kf2 Ra2 43. Ke1 Ne6 44. g3 g5 45. fxg5 Nxg5 46. h4 Ne6 47. Rd1 Ke5 48. Rc6 Rb2 0-1

[Event "SixDays One Year IM-B 2023"]
[Site "Budapest"]
[Date "2023.09.20"]
[Round "5.1"]
[White "Pap, Gyula"]
[Black "Meessen, Rudolf"]
[Result "1/2-1/2"]
[ECO "B07"]
[WhiteElo "2429"]
[BlackElo "2109"]
[Annotator "ChessBase"]
[PlyCount "120"]
[EventDate "2023.09.18"]
[EventType "tourn"]
[EventCountry "HUN"]
[SourceTitle "playchess.com"]
[Source "ChessBase"]
[SourceQuality "1"]
[TimeControl "5400+30"]

1. e4 d6 2. d4 Nf6 3. Nc3 e5 4. Nge2 exd4 5. Nxd4 Be7 6. Bf4 O-O 7. Qf3 Nc6 8. Nf5 Bxf5 9. exf5 Qd7 10. Qh3 d5 11. O-O-O d4 12. Bc4 Bd6 13. Ne2 Bxf4+ 14. Nxf4 Ne5 15. Be2 c5 16. g4 Rfe8 17. Qg2 Rad8 18. Kb1 Qc6 19. Rhg1 Qxg2 20. Rxg2 a6 21. g5 Ne4 22. g6 hxg6 23. fxg6 Nxg6 24. Nxg6 fxg6 25. f3 Nd6 26. Bd3 Re3 27. Rg3 Rf8 28. Rxg6 Rf6 29. Rg5 c4 30. Bf1 b5 31. a4 Nf5 32. Bh3 Rxf3 33. Bg4 Rf4 34. Bxf5 R6xf5 35. Rxf5 Rxf5 36. Rxd4 Rf1+ 37. Ka2 Rf2 38. c3 Rxh2 39. Ka3 Kf7 40. Rd7+ Kf8 41. Rd5 Ke7 42. Rg5 Kf6 43. Rc5 Re2 44. axb5 axb5 45. Rxb5 g5 46. Rb4 Re4 47. Rb8 Kf5 48. Rf8+ Ke5 49. b4 cxb3 50. Kxb3 g4 51. c4 Rf4 52. Rg8 Kd4 53. Rg5 Ke3 54. Kb4 Kf3 55. Kb5 g3 56. c5 Rg4 57. Rxg4 Kxg4 58. c6 g2 59. c7 g1=Q 60. c8=Q+ Kf3 1/2-1/2

[Event "SixDays One Year IM-B 2023"]
[Site "Budapest"]
[Date "2023.09.20"]
[Round "5.2"]
[White "To, Nhat Minh"]
[Black "Balint, Vilmos"]
[Result "1/2-1/2"]
[ECO "C16"]
[WhiteElo "2342"]
[BlackElo "2217"]
[Annotator "ChessBase"]
[PlyCount "144"]
[EventDate "2023.09.18"]
[EventType "tourn"]
[EventCountry "HUN"]
[SourceTitle "playchess.com"]
[Source "ChessBase"]
[SourceQuality "1"]
[TimeControl "5400+30"]

1. e4 e6 2. d4 d5 3. Nc3 Bb4 4. e5 Ne7 5. a3 Bxc3+ 6. bxc3 b6 7. Qg4 Ng6 8. h4 h5 9. Qd1 Ba6 10. Bxa6 Nxa6 11. Bg5 Qd7 12. Ne2 Qc6 13. Qd3 Qc4 14. Qxc4 dxc4 15. O-O-O c6 16. Ng3 Nc7 17. Ne4 Kd7 18. Rh3 Raf8 19. Rf3 Nd5 20. Rh1 Rhg8 21. Kd2 a6 22. Rhh3 Nge7 23. Bxe7 Kxe7 24. Rhg3 f6 25. Rg6 Rd8 26. Rfg3 Kf7 27. Nd6+ Kf8 28. Rf3 b5 29. Nb7 Ra8 30. g4 Ne7 31. Rg5 hxg4 32. Rxg4 Nf5 33. Nc5 Kf7 34. exf6 gxf6 35. Rgf4 Rg6 36. Re4 Ng7 37. Rg3 Rh6 38. Rge3 f5 39. Rf4 Ke7 40. Re1 Ra7 41. Rg1 Kd6 42. Rf3 Rxh4 43. Rfg3 Rh7 44. Rg6 a5 45. a4 Re7 46. Rb1 Rh2 47. axb5 cxb5 48. Rxb5 Rxf2+ 49. Kc1 a4 50. Nxa4 Ra7 51. Rb4 Nh5 52. Rb6+ Kc7 53. Rbxe6 Rxa4 54. Re7+ Kd8 55. Rh7 Re2 56. Rg8+ Re8 57. Rxe8+ Kxe8 58. Rxh5 Ra5 59. Rh7 f4 60. Kd2 Rg5 61. Rh4 Rg2+ 62. Kc1 f3 63. Rf4 Rf2 64. d5 Kd7 65. Rxc4 Kd6 66. Rd4 Rg2 67. Rf4 f2 68. Kd1 Ke5 69. Rf8 Kxd5 70. Ke2 f1=Q+ 71. Kxf1 Rxc2 72. Rc8 Ke4 1/2-1/2

[Event "SixDays One Year IM-B 2023"]
[Site "Budapest"]
[Date "2023.09.20"]
[Round "5.3"]
[White "Pagan, Jonathan"]
[Black "Szabo, Abel"]
[Result "1/2-1/2"]
[ECO "E15"]
[WhiteElo "2021"]
[BlackElo "2234"]
[Annotator "ChessBase"]
[PlyCount "99"]
[EventDate "2023.09.18"]
[EventType "tourn"]
[EventCountry "HUN"]
[SourceTitle "playchess.com"]
[Source "ChessBase"]
[SourceQuality "1"]
[TimeControl "5400+30"]

1. d4 Nf6 2. c4 e6 3. Nf3 b6 4. g3 Bb4+ 5. Bd2 Bxd2+ 6. Nbxd2 Bb7 7. Bg2 O-O 8. O-O d6 9. Qc2 Nbd7 10. e4 e5 11. d5 a5 12. b3 Qe7 13. a3 Ra7 14. Nb1 Rb8 15. Nc3 Ba6 16. Nb5 Bxb5 17. cxb5 Nc5 18. Nd2 Qd7 19. Qc4 g6 20. Rac1 Rc8 21. b4 Nb7 22. f4 Ne8 23. f5 f6 24. h4 Rca8 25. Rc2 Nd8 26. Kh2 axb4 27. axb4 Qg7 28. fxg6 hxg6 29. Qe2 Ra4 30. Rb2 Ra3 31. Nc4 R3a4 32. Qg4 Nf7 33. Qe6 Kh7 34. Ne3 Nh6 35. Ng4 Nxg4+ 36. Qxg4 Qf7 37. Bh3 Ng7 38. Qf3 Nh5 39. Bg4 Ra3 40. Rb3 Ra2+ 41. Rf2 Ng7 42. Qg2 Rxf2 43. Qxf2 Rf8 44. Rf3 Qe8 45. Rxf6 Rxf6 46. Qxf6 Qxb5 47. h5 gxh5 48. Bf5+ Nxf5 49. Qxf5+ Kh6 50. Qf6+ 1/2-1/2

[Event "SixDays One Year IM-B 2023"]
[Site "Budapest"]
[Date "2023.09.20"]
[Round "5.4"]
[White "Valkova, Angelika"]
[Black "Kozusek, Daniel"]
[Result "0-1"]
[ECO "D31"]
[WhiteElo "2057"]
[BlackElo "2365"]
[Annotator "ChessBase"]
[PlyCount "110"]
[EventDate "2023.09.18"]
[EventType "tourn"]
[EventCountry "HUN"]
[SourceTitle "playchess.com"]
[Source "ChessBase"]
[SourceQuality "1"]
[TimeControl "5400+30"]

1. d4 d5 2. c4 e6 3. Nc3 Bb4 4. cxd5 exd5 5. a3 Bxc3+ 6. bxc3 Nf6 7. e3 Bf5 8. Ne2 O-O 9. f3 Nc6 10. g4 Nxg4 11. fxg4 Qh4+ 12. Kd2 Be4 13. Rg1 Na5 14. Rg3 Qxh2 15. Ke1 Qh4 16. Kf2 g5 17. Bg2 f5 18. gxf5 Rxf5+ 19. Kg1 Kh8 20. Bd2 Raf8 21. Qe1 Nb3 22. Ra2 Bxg2 23. Rxg2 Qxe1+ 24. Bxe1 Rf1+ 25. Kh2 Rxe1 26. Rxg5 Rf2+ 27. Rg2 Rxg2+ 28. Kxg2 Nc1 29. Nxc1 Rxc1 30. Rf2 Kg7 31. Rf5 c6 32. Re5 Kf6 33. Rh5 Kg6 34. Re5 Rxc3 35. Re7 Rxa3 36. Rxb7 Rxe3 37. Rxa7 h5 38. Rc7 Rc3 39. Re7 h4 40. Re5 Kf6 41. Rh5 h3+ 42. Kh2 Ke6 43. Re5+ Kd6 44. Rh5 Rd3 45. Rh6+ Kc7 46. Rh4 Kb6 47. Rf4 Kb5 48. Rg4 Re3 49. Rg1 Kc4 50. Rd1 Rd3 51. Rc1+ Rc3 52. Rd1 Kb3 53. Rf1 Kc2 54. Rf4 Kd3 55. Kxh3 Rc4 0-1